 Dungeon Crawl Stone Soup version 0.20-a0-839-gdaf5c57 (webtiles) character file.

581 dvd the Skirmisher (level 7, -10/56 HPs)
             Began as a Formicid Abyssal Knight on Mar 8, 2017.
             Was a Priest of Lugonu.
             Mangled by Prince Ribbit (11 damage)
             ... on level 5 of the Dungeon.
             The game lasted 00:09:18 (5082 turns).

dvd the Skirmisher (Formicid Abyssal Knight)        Turns: 5082, Time: 00:09:20

Health: -10/56     AC:  5    Str: 17    XL:     7   Next: 63%
Magic:  8/8        EV:  9    Int: 11    God:    Lugonu [***...]
Gold:   282        SH: 11    Dex: 16    Spells: 6/6 levels left

rFire    . . .     SeeInvis +   L - +0 scimitar
rCold    + . .     Gourm    .   t - +0 ring mail
rNeg     . . .     Faith    .   h - +2 shield
rPois    .         Spirit   .   (helmet unavailable)
rElec    .         Reflect  .   y - scarf {rC+}
rCorr    .         Harm     .   (no gloves)
MR       .....                  (no boots)
Stlth    +.........             (no amulet)
Regen    0.2/turn               K - +4 ring of dexterity
MPRegen  0.2/turn               i - +5 ring of slaying

@: no status effects
A: permanent stasis, dig shafts and tunnels, four strong arms, antennae 3
a: Dig, Shaft Self, Depart the Abyss, Bend Space, Banish, Renounce Religion


You were on level 5 of the Dungeon.
You worshipped Lugonu.
Lugonu was most pleased with you.
You were hungry.

You visited 1 branch of the dungeon, and saw 5 of its levels.
You visited the Abyss 1 time.

You collected 282 gold pieces.

Inventory:

Hand Weapons
 a - a +1 falchion
 d - a +0 dagger of electrocution
 I - a +0 quarterstaff
 L - a +0 scimitar (weapon)
Missiles
 v - 9 tomahawks (quivered)
Armour
 b - a +0 leather armour
 h - a +2 shield (worn)
 t - a +0 ring mail (worn)
 y - a scarf of cold resistance (worn)
Jewellery
 i - a +5 ring of slaying (left hand)
 l - an uncursed ring of fire
 x - an uncursed ring of stealth
 K - a +4 ring of dexterity (right hand)
Wands
 N - a wand of lightning (5/15)
Scrolls
 e - 2 scrolls of identify {unknown}
 f - 2 scrolls of enchant weapon {unknown}
 j - 5 scrolls of teleportation {unknown}
 k - 2 scrolls of remove curse {unknown}
 n - 2 scrolls of enchant armour {unknown}
 w - a scroll of random uselessness {unknown}
 A - a scroll of amnesia {unknown}
 C - a scroll of fog {unknown}
 H - a scroll of recharging {unknown}
 J - a scroll of magic mapping {unknown}
 O - a scroll of fear {unknown}
Potions
 g - a potion of haste {unknown}
 m - 3 potions of curing
 p - a potion of agility {unknown}
 q - a potion of mutation {unknown}
 r - a potion of might {unknown}
 s - a potion of degeneration {unknown}
 u - a potion of berserk rage {unknown}
 B - a potion of heal wounds {unknown}
 F - a potion of magic {unknown}
 M - a potion of brilliance {unknown}
Books
 E - a book of Frost

   Spells                             Type                      Level
   a - Freeze                         Ice                          1
   b - Throw Frost                    Conjuration/Ice              2
   c - Ozocubu's Armour               Charms/Ice                   3
   d - Throw Icicle                   Conjuration/Ice              4
   e - Summon Ice Beast               Ice/Summoning                4
Comestibles
 c - 6 bread rations
 o - a fruit
 z - 2 meat rations
 D - 2 royal jellies


   Skills:
 + Level 5.1 Fighting
 + Level 5.0 Long Blades
 + Level 1.0 Throwing
 + Level 3.6 Armour
 + Level 1.7 Dodging
 + Level 1.6 Stealth
 + Level 2.6 Shields
 + Level 2.6 Invocations


You had 6 spell levels left.
You didn't know any spells.

Dungeon Overview and Level Annotations

Branches:
Dungeon (5/15)             Temple (0/1) D:4

Altars:
Ashenzari
Cheibriados
Fedhas
Zin

Shops:
D:2 *   D:4 *

Annotations:
D:5 Prince Ribbit


Innate Abilities, Weirdness & Mutations

You cannot be hasted, slowed, berserked, paralysed or teleported.
You can dig through walls and to a lower floor.
Your four strong arms can wield two-handed weapons with a shield.
You have a pair of large antennae on your head. (SInv)


Message History

Prince Ribbit is heavily wounded.
You block Prince Ribbit's attack.
You miss Prince Ribbit.
Prince Ribbit is heavily wounded.
Prince Ribbit barely misses you. Prince Ribbit hits you!
* * * LOW HITPOINT WARNING * * *
Unknown command.
It was a potion of curing.
You feel better. You block Prince Ribbit's attack.
Unknown command.
You closely miss Prince Ribbit.
Prince Ribbit is heavily wounded.
You block Prince Ribbit's attack. x2
Are you sure you want to shaft yourself?
You are feeling hungry.
Prince Ribbit hops awkwardly around.
Prince Ribbit hits you!
* * * LOW HITPOINT WARNING * * *
You begin to dig a shaft.
You continue digging a shaft.
Prince Ribbit hits you!
You die...

#...........#
#.
#.###########
#. #.# #. {
#.# ## #.# #
#.# # #.# #.#
#@# #F# #o# {


ooo. ##.## #.# #.# #.# #.# You could see Prince Ribbit and 3 orcs.

Vanquished Creatures
  A phantom (D:5)
  The ghost of Doomer the Poker, an amateur HaBe of Trog (D:4)
  2 crimson imps (D:4)
  A jelly (D:5)
  2 bullfrog skeletons
  A hound (D:4)
  3 worker ants
  7 adders
  A shadow imp (D:5)
  An ooze (D:2)
  An adder skeleton (D:4)
  An adder zombie (D:5)
  A worm (D:4)
  2 leopard geckos
  11 orcs
  A ball python (D:1)
  8 bats
  3 giant cockroaches
  5 goblins
  10 hobgoblins
  A quokka (D:5)
  5 frilled lizards
  3 kobolds
  3 rats
75 creatures vanquished.

Notes
Turn   | Place    | Note
-------+----------+-------------------------------------------
     0 | Abyss:1  | dvd the Formicid Abyssal Knight began the quest for the Orb.
     0 | Abyss:1  | Reached XP level 1. HP: 18/18 MP: 2/2
    62 | D:1      | Escaped the Abyss
   522 | D:1      | Reached XP level 2. HP: 21/24 MP: 3/3
  1205 | D:2      | Reached XP level 3. HP: 27/30 MP: 4/4
  1211 | D:2      | Found Zin's Purification Station.
  1213 | D:2      | Found a glowing silver altar of Zin.
  1265 | D:2      | Reached ** piety under Lugonu
  1683 | D:3      | Reached skill level 1 in Dodging
  1851 | D:3      | Reached XP level 4. HP: 37/37 MP: 5/5
  2304 | D:4      | Noticed Doomer's ghost (amateur HaBe)
  2749 | D:4      | Reached XP level 5. HP: 18/43 MP: 6/6
  2967 | D:4      | Found a shattered altar of Ashenzari.
  3023 | D:4      | Found a staircase to the Ecumenical Temple.
  3413 | D:4      | Found a blossoming altar of Fedhas.
  3413 | D:4      | Found a snail-covered altar of Cheibriados.
  3562 | D:4      | Killed Doomer's ghost
  3562 | D:4      | Reached skill level 1 in Shields
  3562 | D:4      | Reached XP level 6. HP: 25/49 MP: 7/7
  3827 | D:4      | Found Wiw Likehu's General Store.
  4290 | D:4      | Reached skill level 1 in Stealth
  4290 | D:4      | Reached XP level 7. HP: 53/55 MP: 8/8
  4377 | D:5      | Entered Level 5 of the Dungeon
  4404 | D:5      | Reached skill level 5 in Fighting
  4675 | D:5      | Reached skill level 5 in Long Blades
  4675 | D:5      | Reached skill level 1 in Throwing
  4714 | D:5      | Reached *** piety under Lugonu
  5071 | D:5      | Noticed Prince Ribbit
  5081 | D:5      | HP: 1/56 [Prince Ribbit (9)]
  5082 | D:5      | Mangled by Prince Ribbit

Vault maps used:
D:1:      lightli_arrival_windingriver
D:2:      nicolae_overflow_hidden_temple, zin_purify, first_bread
D:4:      nicolae_ashenzari_panopticon, gammafunk_temple_overflow_pools,
          minmay_temple_entry_grid, kennysheep_windowed_goal
D:5:      yredelemnul_forgotten_temple_becter, minmay_misc_feat_hallway,
          uniq_prince_ribbit1
Abyss:1:  grunt_abyss_exit_deep_breaths

Skill      XL: |  1  2  3  4  5  6  7 |
---------------+----------------------+-----
Fighting       | 4 5 |  5.1
Dodging        | 1 |  1.7
Long Blades    | 3 4 5 |  5.0
Shields        | 1 2 |  2.6
Armour         | 3 |  3.6
Stealth        | 1 |  1.6
Throwing       | 1 |  1.0
Invocations    | |  2.6

Action                   |  1- 3 |  4- 6 |  7- 9 || total
-------------------------+-------+-------+-------++-------
Melee: Falchion          |    55 |   137 |    29 ||   221
       Scimitar          |       |       |    17 ||    17
Throw: Tomahawk          |       |     8 |    17 ||    25
 Abil: Shaft Self        |       |       |     1 ||     1
  Use: Potion            |       |       |     1 ||     1
 Stab: Sleeping          |       |     3 |       ||     3
  Eat: Chunk             |     3 |     8 |     2 ||    13
Armor: Leather armour    |    11 |       |       ||    11
       Ring mail         |     9 |    44 |    11 ||    64
Dodge: Dodged            |    17 |    35 |    14 ||    66
Block: Shield            |    18 |    72 |    32 ||   122
       Rpst.: Falchion   |     9 |    12 |     4 ||    25
